 Dungeon Crawl Stone Soup version 0.27.1-35-g4d5d836560 (webtiles) character file.

Game seed: 4003676967567816551

201 Delamore the Covert (level 5, 0/34 HPs)
             Began as an Octopode Brigand on Mar 15, 2022.
             Killed from afar by a white imp (4 damage)
             ... with a puff of frost
             ... on level 4 of the Dungeon.
             The game lasted 00:02:53 (4265 turns).

Delamore the Covert (Octopode Brigand)              Turns: 4265, Time: 00:02:53

Health: 0/34       AC:  1    Str: 10      XL:     5   Next: 79%
Magic:  5/5        EV: 12    Int: 12 (14) God:
Gold:   82         SH:  0    Dex: 11 (14) Spells: 4/4 levels left

rFire    + . .     SeeInvis .   p - +2 dagger (venom)
rCold    . . .     Faith    .   (no shield)
rNeg     . . .     Spirit   .   (helmet restricted)
rPois    .         Reflect  .   (no amulet)
rElec    .         Harm     .   j - ring of wizardry
rCorr    .         Rampage  .   l - ring of protection from fire
Will     .....                  (no ring)
Stlth    ++++++....             (no ring)
HPRegen  0.11/turn              (no ring)
MPRegen  0.09/turn              (no ring)
                                (no ring)
                                (no ring)

@: no status effects
A: almost no armour, amphibious, 8 rings, camouflage 1, gelatinous body 1,
nimble swimmer 1, tentacles
a: no special abilities


You were on level 4 of the Dungeon.
You visited 1 branch of the dungeon, and saw 4 of its levels.

You collected 82 gold pieces.

Inventory:

Hand Weapons
 a - a +2 dagger
 g - a +4 whip
 i - a +0 vampiric dagger
 p - a +2 dagger of venom (weapon)
 q - a +3 dagger
Missiles
 b - 8 poisoned darts
 c - a curare-tipped dart (quivered)
Jewellery
 j - a ring of wizardry (left tentacle)
 l - a ring of protection from fire (right tentacle)
Scrolls
 e - a scroll of amnesia {unknown}
 f - a scroll of silence {unknown}
 k - a scroll of enchant weapon {unknown}
 n - a scroll of fog {unknown}
 o - a scroll of identify {unknown}
Potions
 d - 2 potions of degeneration
 h - a potion of might
 m - a potion of haste {unknown}
 r - a potion of ambrosia {unknown}


   Skills:
 - Level 2.0 Fighting
 + Level 3.6 Short Blades
 - Level 2.0 Throwing
 - Level 1.0 Dodging
 * Level 8.4 Stealth


You had 4 spell levels left.
You didn't know any spells.
Your spell library was empty.

Dungeon Overview and Level Annotations

Branches:
Dungeon (4/15)
 Temple: D:4-7

Altars:
Ashenzari
Zin

Shops:
D:1 [


Innate Abilities, Weirdness & Mutations

You cannot wear most types of armour.
You are amphibious.
You can wear up to eight rings at the same time.
Your skin changes colour to match your surroundings (Stealth+).
Your rubbery body absorbs attacks. (AC +1, EV +1)
You are camouflaged near water. (Stealth+)
You have tentacles for arms and can constrict up to eight enemies at once.


Message History

You kill the quokka!
No target in view!
No target in view!
No target in view!
No target in view!
Found a scroll labelled ATUCUPS MYCEDDU.
A white imp comes into view.
Found 17 gold pieces and a ring mail.
A white imp is nearby!
The white imp shouts, "Flee, thou beslubbering common-kissing pigeon-egg!"
The white imp gestures at you. The puff of frost hits you!
The white imp gestures at you. The puff of frost hits you.
The white imp gestures at you. The puff of frost hits you!
* * * LOW HITPOINT WARNING * * *
You are too injured to fight recklessly!
You are too injured to fight recklessly!
You are too injured to fight recklessly!
You are too injured to fight recklessly!
You are too injured to fight recklessly!
You are too injured to fight recklessly!
You are too injured to fight recklessly!
You are too injured to fight recklessly!
You are too injured to fight recklessly!
You are too injured to fight recklessly!
You are too injured to fight recklessly!
You are too injured to fight recklessly!
The white imp hits you.
* * * LOW HITPOINT WARNING * * *
The white imp freezes you.
* * * LOW HITPOINT WARNING * * *
You barely miss the white imp. You grab the white imp.
You squeeze the white imp.
The white imp is heavily wounded.
You constrict the white imp. The white imp gestures at you.
The puff of frost hits you.
You die...

#####......#####.#
#............#
#####..#.#########
...........########
...................
#.........#######.
###.....###.....##
..##...##...≈≈≈.[#
≈...........≈≈≈@5.#
...##...##...≈≈≈.$#
.# #.....###.?...##
#....... #######
.........
.......### #######


You could see a white imp.

Vanquished Creatures
  Crazy Yiuf (D:2)
  Jessica (D:3)
  2 orc wizards (D:3)
  2 adders
  A white imp (D:4)
  An adder skeleton (D:4)
  3 dart slugs
  6 orcs
  4 ball pythons
  4 bats
  5 endoplasms
  5 giant cockroaches
  3 goblins
  3 hobgoblins
  3 kobolds
  4 quokkas
  3 frilled lizards
  6 rats
57 creatures vanquished.

Notes
Turn   | Place    | Note
-------+----------+-------------------------------------------
     0 | D:1      | Delamore the Octopode Brigand began the quest for the Orb.
     0 | D:1      | Reached XP level 1. HP: 14/14 MP: 1/1
   216 | D:1      | Found Hoginin's Armour Shop.
   219 | D:1      | Reached XP level 2. HP: 15/19 MP: 2/2
   459 | D:1      | Reached skill level 6 in Stealth
   837 | D:1      | Found a faded altar of an unknown god.
  1060 | D:2      | Reached XP level 3. HP: 24/24 MP: 3/3
  1453 | D:2      | You fall into a shaft and drop 1 floor!
  1811 | D:2      | Found a runed translucent door.
  1812 | D:2      | Noticed Crazy Yiuf
  1820 | D:2      | Killed Crazy Yiuf
  1821 | D:2      | Reached skill level 7 in Stealth
  1821 | D:2      | Reached XP level 4. HP: 29/29 MP: 4/4
  2658 | D:3      | Noticed Jessica
  2666 | D:3      | HP: 1/29 [Jessica/nerve-wracking pain (14)]
  2670 | D:3      | Killed Jessica
  2671 | D:3      | Reached XP level 5. HP: 8/34 MP: 5/5
  3341 | D:3      | Reached skill level 8 in Stealth
  3438 | D:3      | Found a broken altar of Ashenzari.
  3486 | D:3      | Found a glowing silver altar of Zin.
  4265 | D:4      | Killed from afar by a white imp

Illustrated notes

Levels and vault maps discovered:
D:1:      dpeg_arrival_rooms_c, layout_basic, serial_shops, shop,
          shapermc_ecumenical_altar_mp_vishouse
D:2:      layout_rooms, st_stairs_3, uniq_crazy_yiuf_cottage
D:3:      layout_basic, mainiacjoe_overflow_swirl, serial_corexii_hall,
          chequers_hall_statues_y, chequers_hall_statues_y, uniq_jessica
D:4:      layout_loops_ring, marbit_many_paths, mainiacjoe_overflow_two_lobes,
          minmay_temple_entry_trees, minmay_fire_ice_demons

Skill      XL: |  1  2  3  4  5 |
---------------+----------------+-----
Stealth        | 6 7 8 |  8.4
Short Blades   | 3 |  3.6
Fighting       | |  2.0
Throwing       | |  2.0
Dodging        | |  1.0

Action                   |  1- 3 |  4- 6 || total
-------------------------+-------+-------++-------
Melee: Dagger            |    46 |    67 ||   113
       Constrict         |    10 |    11 ||    21
       Whip              |     8 |       ||     8
       Tentacles         |     8 |    16 ||    24
Throw: Dart              |       |     5 ||     5
  Use: Potion            |       |     2 ||     2
 Stab: Sleeping          |    16 |     6 ||    22
       Distracted        |       |     1 ||     1
Armor: Skin              |       |     2 ||     2
Dodge: Dodged            |    17 |    26 ||    43
